 Dungeon Crawl Stone Soup version 0.24.1-4-ge52af88ad5 (webtiles) character file.

Game seed: 11477942282471702530, levelgen mode: deterministic

709 dubhe the Gusty (level 7, -12/38 HPs)
             Began as a Tengu Air Elementalist on Apr 14, 2020.
             Was an Initiate of Vehumet.
             Blown up by Ijyb (31 damage)
             ... with a disintegration bolt
             ... on level 5 of the Dungeon.
             The game lasted 00:15:34 (5495 turns).

dubhe the Gusty (Tengu Air Elementalist)            Turns: 5495, Time: 00:15:35

Health: -12/38     AC:  8    Str: 11    XL:     7   Next: 68%
Magic:  12/13      EV: 13    Int: 15    God:    Vehumet [......]
Gold:   199        SH:  0    Dex: 14    Spells: 6/13 levels left

rFire    . . .     SeeInvis .   i - +1 dagger (venom)
rCold    . . .     Gourm    .   (no shield)
rNeg     + . .     Faith    .   v - +0 ring mail
rPois    .         Spirit   .   (helmet restricted)
rElec    .         Reflect  .   s - +0 cloak
rCorr    .         Harm     .   F - +0 pair of gloves
MR       .....                  (boots unavailable)
Stlth    ++........             D - amulet "Alenokeu" {RegenMP rN+}
HPRegen  0.12/turn              h - ring of stealth
MPRegen  0.38/turn              (no ring)

@: flying quickly and evasively, quick
A: beak, talons 3, able to fly
a: Stop Flying, Renounce Religion


You were on level 5 of the Dungeon.
You worshipped Vehumet.
Vehumet was noncommittal.
You were not hungry.

You visited 2 branches of the dungeon, and saw 6 of its levels.

You collected 199 gold pieces.

Inventory:

Hand Weapons
 d - a +0 club
 i - a +1 dagger of venom (weapon)
 p - a +0 hand axe of freezing
Missiles
 y - 8 boomerangs (quivered)
 E - 17 poisoned darts
Armour
 s - a +0 cloak (worn)
 v - a +0 ring mail (worn)
 F - a +0 pair of gloves (worn)
Jewellery
 e - a +3 amulet of reflection
 f - an uncursed ring of protection from cold {unknown}
 h - a ring of stealth (left hand)
 C - an uncursed amulet of rage
 D - the amulet "Alenokeu" (around neck) {RegenMP rN+}
   (You found it on level 4 of the Dungeon)

   [amulet of magic regeneration]

   It increases your magic regeneration.
   It protects you from negative energy.
Wands
 x - a wand of random effects (17)
Scrolls
 b - a scroll of enchant weapon {unknown}
 g - 3 scrolls of enchant armour {unknown}
 j - 3 scrolls of remove curse {unknown}
 m - a scroll of magic mapping {unknown}
 q - 2 scrolls of amnesia {unknown}
 t - 2 scrolls of immolation {unknown}
 w - a scroll of fog {unknown}
 G - a scroll of identify
 I - 2 scrolls of teleportation {unknown}
Potions
 k - 3 potions of cancellation
 l - 4 potions of curing
 n - 2 potions of agility
 o - a potion of invisibility
 r - a potion of might {unknown}
 u - a potion of magic {unknown}
 z - a potion of degeneration {unknown}
 A - a potion of mutation {unknown}
 B - a potion of heal wounds {unknown}
 H - a potion of flight {unknown}
Comestibles
 a - 9 chunks of flesh
 c - 8 rations


   Skills:
 + Level 1.0 Fighting
 + Level 2.1 Short Blades
 * Level 3.5 Armour
 - Level 2.1 Dodging
 - Level 2.0 Stealth
 + Level 3.5 Spellcasting
 * Level 5.8 Conjurations
 + Level 6.7 Air Magic


You had 6 spell levels left.
You knew the following spells:

 Your Spells              Type           Power        Failure   Level  Hunger
a - Shock                 Conj/Air       ###.         3%          1    None
b - Swiftness             Chrm/Air       ##......     17%         2    ##.....
c - Airstrike             Air            ###.......   28%         4    ####...

Your spell library contained the following spells:

 Spells                   Type           Power        Failure   Level  Hunger
 Static Discharge         Conj/Air       ###.....     10%         3    ###....
 Lightning Bolt           Conj/Air       ###.......   67%         5    ######.


Dungeon Overview and Level Annotations

Branches:
Dungeon (5/15)             Temple (1/1) D:4

Altars:
Cheibriados
Dithmenos
Gozag
Makhleb
Trog
Vehumet
Yredelemnul
The Shining One

Annotations:
D:3 2 runed translucent doors, Rastanax's ghost, novice MiBe
D:4 exclusion: downstairs, Menkaure
D:5 Ijyb


Innate Abilities, Weirdness & Mutations

You have a beak for a mouth.
You have claws for feet.
You can fly continuously.


Message History

Casting: Shock (safe; 3% risk of failure)
Confirm with . or Enter, or press ? or * to list all spells.
Aiming: Shock (safe; 3% risk of failure)
Press: ? - help, Shift-Dir - straight line, f/p - Ijyb
Aim: Ijyb, wielding a +4 club, wearing a +2 chain mail of poison resistance and carrying a wand of disintegration (13) (lightly wounded)
The zap hits Ijyb.
Ijyb is moderately wounded.
Casting: Shock (safe; 3% risk of failure)
Confirm with . or Enter, or press ? or * to list all spells.
Aiming: Shock (safe; 3% risk of failure)
Press: ? - help, Shift-Dir - straight line, f/p - Ijyb
Aim: Ijyb, wielding a +4 club, wearing a +2 chain mail of poison resistance and carrying a wand of disintegration (13) (moderately wounded)
The zap hits Ijyb but does no damage.
Ijyb is moderately wounded.
Ijyb zaps a wand.
You are blasted!
Ijyb zaps a wand.
You are blasted!
A jackal comes into view.
Ijyb zaps a wand.
You are blasted!
Ouch! That really hurt!
You die...

## #............... #.
######..........
###.######........... #
#.......##...........
#.##.##....#..^.........
#...(.h..##.............
.##.##.###.#.......... #
#....##..#.......).
#.##...@...##.........
##.#....######........
###.....### .........
#.......# P.P....
#.......# #....g.....
...........#
........#### ..!.....#


You could see Ijyb and a jackal (wandering).

Vanquished Creatures
  An ogre (D:3)
  A howler monkey (D:4)
  2 hounds
  A bullfrog zombie (D:5)
  A jelly (D:5)
  3 orc wizards
  Natasha (thrice) (D:3)
  Terence (D:2)
  4 worker ants
  8 adders
  2 oozes
  An adder skeleton (D:4)
  An adder zombie (D:5)
  2 worms (D:3)
  A dart slug (D:1)
  4 leopard geckos
  7 orcs
  2 ball pythons
  5 giant cockroaches
  6 hobgoblins
  8 jackals
  A quokka (D:5)
  7 bats
  6 frilled lizards
  14 goblins
  A jackal skeleton (D:5)
  9 kobolds
  2 rats (D:2)
104 creatures vanquished.

Notes
Turn   | Place    | Note
-------+----------+-------------------------------------------
     0 | D:1      | dubhe the Tengu Air Elementalist began the quest for the
                  | Orb.
     0 | D:1      | Reached XP level 1. HP: 10/10 MP: 4/4
   278 | D:1      | Reached XP level 2. HP: 15/15 MP: 0/6
   337 | D:1      | Learned a level 2 spell: Swiftness
   560 | D:1      | Reached skill level 1 in Armour
   995 | D:1      | Reached XP level 3. HP: 19/19 MP: 5/7
  1421 | D:2      | Noticed Terence
  1451 | D:2      | Killed Terence
  1451 | D:2      | Reached XP level 4. HP: 24/24 MP: 0/8
  1529 | D:2      | Learned a level 4 spell: Airstrike
  1709 | D:2      | Reached skill level 5 in Air Magic
  2200 | D:3      | Found an opulent altar of Gozag.
  2200 | D:3      | Found a snail-covered altar of Cheibriados.
  2624 | D:3      | Found a runed translucent door.
  2628 | D:3      | Noticed an ogre
  2644 | D:3      | Killed an ogre
  2644 | D:3      | Reached skill level 1 in Short Blades
  2644 | D:3      | Gained mutation: You can fly continuously. [Tengu growth]
  2644 | D:3      | Reached XP level 5. HP: 22/28 MP: 4/10
  2708 | D:3      | Noticed Natasha
  2743 | D:3      | Killed Natasha
  2795 | D:3      | Found a runed translucent door.
  2800 | D:3      | Noticed Rastanax's ghost (novice MiBe)
  2832 | D:3      | Noticed Natasha
  2837 | D:3      | Reached XP level 6. HP: 33/33 MP: 5/11
  2838 | D:3      | Killed Natasha
  3250 | D:3      | Noticed Natasha
  3260 | D:3      | Killed Natasha
  3507 | D:3      | Found a shadowy altar of Dithmenos.
  3698 | D:4      | Reached skill level 6 in Air Magic
  3730 | D:4      | Got a warped bronze amulet
  3735 | D:4      | Identified the amulet "Alenokeu" {RegenMP rN+} (You found
                  | it on level 4 of the Dungeon)
  3933 | D:4      | Found a staircase to the Ecumenical Temple.
  3945 | Temple   | Entered the Ecumenical Temple
  3953 | Temple   | Became a worshipper of Vehumet
  3976 | D:4      | Reached XP level 7. HP: 35/37 MP: 8/12
  4104 | D:4      | Found a bloodstained altar of Trog.
  4312 | D:4      | Noticed Menkaure
  4722 | D:4      | Reached skill level 5 in Conjurations
  5162 | D:5      | Entered Level 5 of the Dungeon
  5375 | D:5      | Reached skill level 1 in Fighting
  5488 | D:5      | Noticed Ijyb
  5495 | D:5      | Blown up by Ijyb

Levels and vault maps discovered:
D:1:      scummos_arrival_hexagon, layout_basic, minmay_misc_feat_diagonals
D:2:      layout_loops_ring, first_ration, uniq_terence
D:3:      layout_basic, lemuel_coloured_pillars_altar,
          gammafunk_temple_overflow_elements, ebering_ghost_sewer_f,
          amethyst_killhole, minmay_starry_boxes, uniq_natasha
D:4:      layout_basic, minmay_temple_entry_stoned_glass, hex_intersection,
          trog_hazing_becter, uniq_menkaure
D:5:      layout_rooms, serial_shops, nicolae_shop_behind_doors,
          nicolae_shop_overgrown_old_shop, st_stairs_3, uniq_ijyb,
          uniq_crazy_yiuf_cottage
Temple:   regret_index_temple_mists

Skill      XL: |  1  2  3  4  5  6  7 |
---------------+----------------------+-----
Armour         | 1 2 3 |  3.5
Conjurations   | 2 3 4 5 |  5.8
Air Magic      | 5 6 |  6.7
Short Blades   | 1 2 |  2.1
Spellcasting   | 3 |  3.5
Fighting       | 1 |  1.0
Dodging        | |  2.1
Stealth        | |  2.0

Action                   |  1- 3 |  4- 6 |  7- 9 || total
-------------------------+-------+-------+-------++-------
Melee: Dagger            |    11 |    43 |    12 ||    66
       Kick              |     4 |     5 |     2 ||    11
       Peck              |     1 |     9 |     1 ||    11
 Cast: Shock             |    48 |    75 |    85 ||   208
 Abil: Fly               |       |     1 |       ||     1
  Use: Scroll            |       |     4 |       ||     4
 Stab: Sleeping          |     2 |     4 |     2 ||     8
       Distracted        |       |     1 |       ||     1
  Eat: Chunk             |     2 |     9 |     4 ||    15
Armor: Robe              |     5 |     4 |       ||     9
       Ring mail         |       |     3 |    21 ||    24
Dodge: Dodged            |    12 |    25 |    24 ||    61
Block: Other             |     3 |     2 |       ||     5
